 Dungeon Crawl Stone Soup version 0.27-a0-1202-ge72e49191c (webtiles) character file.

Game seed: 16512397516582010270

7 rlgrobin the Magician (level 2, 0/21 HPs)
             Began as a Djinni Hedge Wizard on June 3, 2021.
             Was an Initiate of Ashenzari.
             Slain by a quokka (4 damage)
             ... on level 1 of the Dungeon.
             The game lasted 00:02:25 (575 turns).

rlgrobin the Magician (Djinni Hedge Wizard)          Turns: 575, Time: 00:02:26

Health: 0/21       AC:  2    Str:  9    XL:     2   Next: 5%
Gold:   0          EV: 12    Int: 15    God:    Ashenzari [......] SH:  0 Dex: 12

rFire    + + .     SeeInvis .   d - +0 mace
rCold    x . .     Faith    .   (no shield)
rNeg     . . .     Spirit   .   b - +0 robe
rPois    ∞         Reflect  .   c - +0 hat
rElec    .         Harm     .   (no cloak)
rCorr    .         Rampage  .   (no gloves)
Will     .....                  (boots unavailable)
Stlth    ++........             (no amulet)
HPRegen  0.07/turn              (no ring)
MPRegen  0.00/turn              (no ring)

@: flying
A: sickness immunity, fire resistance 2, cold vulnerability 1, float, innate
caster, hp casting, extra vitality 1
a: Renounce Religion, Curse Item


You were on level 1 of the Dungeon.
You worshipped Ashenzari.
Ashenzari was noncommittal.
You visited 1 branch of the dungeon, and saw 1 of its levels.

Inventory:

Hand Weapons
 a - a +0 dagger
 d - a +0 mace (weapon)
Armour
 b - a +0 robe (worn)
 c - a +0 hat (worn)


   Skills:
 + Level 0.2 Maces & Flails
 + Level 2.3 Dodging
 + Level 1.5 Stealth
 + Level 2.6 Spellcasting


You couldn't memorise any spells.
You knew the following spells:

 Your Spells              Type           Power      Damage    Failure   Level
a - Magic Dart            Conj           36%        1d4       7%          1
b - Blink                 Tloc           N/A        N/A       11%         2
c - Call Imp              Summ           9%         N/A       11%         2
d - Slow                  Hex            9%         N/A       11%         2
e - Conjure Flame         Conj/Fire      9%         6-21      22%         3
f - Mephitic Cloud        Conj/Pois/Air  9%         N/A       22%         3
Your spell library was empty.

Dungeon Overview and Level Annotations

Branches:
Dungeon (1/15)

Altars:
Ashenzari


Innate Abilities, Weirdness & Mutations

You are immune to sickness and miasma.
You are immune to poison.
Your flesh is very heat resistant. (rF++)
You are vulnerable to cold. (rC-)
You float through the air rather than walking.
You learn spells naturally, not from books.
Your magical power is your life essence.
You have superior vitality. (+4 HP)


Message History

The bat hits you but does no damage. The bat hits you.
There is an open door here.
Unknown command.
The bat hits you but does no damage. The bat hits you but does no damage.
There is an open door here.
The bat barely misses you.
You see here a +0 dagger.
There's a creature in the doorway!
You miss the bat. The bat hits you. The endoplasm barely misses you.
A quokka comes into view.
The quokka closely misses you. The bat hits you but does no damage.
The quokka bites you. The bat barely misses you. The quokka misses you.
The quokka bites you but does no damage.
The quokka barely misses you. The quokka bites you.
The quokka barely misses you. The quokka bites you.
* * * LOW HITPOINT WARNING * * *
The bat closely misses you. The bat closely misses you. x2
The bat barely misses you. The bat hits you but does no damage.
The bat hits you but does no damage. The quokka misses you.
The bat hits you but does no damage. The quokka barely misses you.
The bat hits you but does no damage. The quokka barely misses you.
The bat closely misses you. The bat barely misses you.
The quokka barely misses you. The bat closely misses you.
The bat barely misses you. The bat hits you but does no damage.
The bat hits you.
* * * LOW HITPOINT WARNING * * *
The quokka bites you.
* * * LOW HITPOINT WARNING * * *
The quokka barely misses you. The bat hits you but does no damage.
The endoplasm barely misses you. The bat closely misses you.
The quokka bites you.
You die...

####..........# ###....#...# .#
#l..##....## .. #g#####....# .##
######.# ###g..# ..#
.....l.####....g## #.#
##.g.....#...#lJ.## ###.#
#g###.###.#.##rb.###..<# #.# #.#
#...###@......## #. #.# #..
##.## ###...### . ##g###.## #.#
##### .## .......# #.###+## ..#
##.##### #.##...## #.# #.####
#.......## ####.# #.##.##
##.......## ##.##.#
#.#...####l........####...#.####
#..g..g.l'.........'............


You could see an endoplasm, a quokka, 2 hobgoblins, a bat and a frilled lizard.

Vanquished Creatures
  A bat (D:1)
  An endoplasm (D:1)
  2 hobgoblins (D:1)
  A ball python (D:1)
  A kobold (D:1)
6 creatures vanquished.

Notes
Turn   | Place    | Note
-------+----------+-------------------------------------------
     0 | D:1      | rlgrobin the Djinni Hedge Wizard began the quest for the
                  | Orb.
     0 | D:1      | Reached XP level 1. HP: 15/15 MP: 0/0
   227 | D:1      | Found a faded altar of an unknown god.
   235 | D:1      | Became a worshipper of Ashenzari the Shackled
   484 | D:1      | Reached XP level 2. HP: 14/21 MP: 0/0
   575 | D:1      | Slain by a quokka

Illustrated notes

Levels and vault maps discovered:
D:1:      dpeg_arrival_round_b, layout_loops_corners, basic_ecumenical_altar,
          roderic_lattice_a, minmay_tall_x

Action                   || total
-------------------------++-------
Melee: Mace              ||    19
 Cast: Magic Dart        ||    12
Armor: Robe              ||    22
Dodge: Dodged            ||    47

Table legend: (Time is in decaauts)
 A = Elapsed time spent in this place.
 B = Non-inter-level travel time spent in this place.
 C = Inter-level travel time spent in this place.
 D = Time resting spent in this place.
 E = Time spent auto-exploring this place.
 F = Levels seen in this place.
 G = Mean time per level.
                   A        B        C        D        E       F      G
               +--------+--------+--------+--------+--------+-----+--------+
         Total |    582 |    582 |      0 |    349 |      0 |   1 |  582.0 |
       Dungeon |    582 |    582 |      0 |    349 |      0 |   1 |  582.0 |
               +--------+--------+--------+--------+--------+-----+--------+

Top non-repeatable levels by time:
     D:1: 582 daAuts
